 Dungeon Crawl Stone Soup version 0.30-a0-723-gc1506a1cf0 (webtiles) character file.

Game seed: 2042726166907810865

101 jimonade the Sneak (level 4, -4/23 HPs)
             Began as a Vine Stalker Brigand on Jan 29, 2023.
             Slain by a goblin
             ... wielding a +0 club
             ... led by Robin
              (5 damage)
             ... on level 2 of the Dungeon.
             The game lasted 00:02:57 (1541 turns).

jimonade the Sneak (Vine Stalker Brigand)           Turns: 1541, Time: 00:02:57

Health: -4/23      AC:  4    Str: 13    XL:     4   Next: 75%
Magic:  0/5        EV: 11    Int: 11    God:
Gold:   95         SH:  0    Dex: 18    Spells: 3/3 levels left

rFire   + . .      SeeInvis .    a - +2 dagger (flame)
rCold   . . .      Faith    .    (no shield)
rNeg    . . .      Spirit   +    b - +0 robe
rPois   .          Reflect  .    v - +0 hat
rElec   .          Harm     .    c - +0 cloak
rCorr   .          Rampage  .    s - +0 pair of gloves
Will    .....                    (no boots)
Stlth   ++++                     (no amulet)
HPRegen 1.03/turn                l - ring of protection from fire
MPRegen 0.09/turn                (no ring)

@: no status effects
A: fangs 2, regeneration 1, magic shield, antimagic bite, no potion heal 2
a: no special abilities


You were on level 2 of the Dungeon.
You visited 1 branch of the dungeon, and saw 3 of its levels.

You collected 95 gold pieces.

Inventory:

Hand Weapons
 a - a +2 dagger of flaming (weapon)
 g - a +2 dagger
Missiles
 d - 9 poisoned darts (quivered)
 e - 3 curare-tipped darts
 i - 2 silver boomerangs
Armour
 b - a +0 robe (worn)
 c - a +0 cloak (worn)
 s - a +0 pair of gloves (worn)
 u - a +0 ring mail
 v - a +0 hat (worn)
Jewellery
 l - a ring of protection from fire (left hand)
Scrolls
 f - 2 scrolls of teleportation {unknown}
 j - 4 scrolls of identify {unknown}
 m - a scroll of amnesia {unknown}
 p - a scroll of noise {unknown}
 q - a scroll of fear {unknown}
 r - 2 scrolls of blinking {unknown}
 t - a scroll of poison {unknown}
Potions
 h - 2 potions of might {unknown}
 k - a potion of brilliance {unknown}
 n - 3 potions of invisibility {unknown}
 o - a potion of curing {unknown}


   Skills:
 - Level 1.7 Fighting
 * Level 3.0 Short Blades
 - Level 1.7 Throwing
 - Level 0.7 Dodging
 + Level 6.7 Stealth


You had 3 spell levels left.
You didn't know any spells.
Your spell library was empty.

Dungeon Overview and Level Annotations

Branches:
Dungeon (3/15)

Altars:


Innate Abilities, Weirdness & Mutations

You have extremely sharp teeth.
Your natural rate of healing is unusually fast.
When hurt, damage is shared between your health and your magic reserves.
Your bite disrupts and absorbs the magic of your enemies.
Potions cannot restore your health.


Message History

Robin is severely wounded.
Robin throws the goblin at you! The goblin closely misses you.
The goblin hits you but does no damage.
The goblin unwields a +0 sling.
The goblin wields a +0 club.
The goblin hits you with a +0 club. The goblin closely misses you.
Robin completely misses you. The goblin barely misses you. x2
You climb upwards.
There is a stone staircase leading down, spattered with blood here.
You hit Robin. You burn Robin.
Robin is almost dead.
The goblin hits you with a +0 dagger.
Robin drinks a potion.
Robin is healed!
The goblin hits you but does no damage. The goblin hits you with a +0 club.
You hit Robin but do no damage. You bite Robin. You drain their power.
You feel invigorated.
Robin is lightly wounded.
The goblin hits you but does no damage. Robin hits you with a +0 mace.
The goblin hits you but does no damage.
You hit Robin. You burn Robin. You bite Robin, but do no damage.
Robin is heavily wounded.
The goblin barely misses you. Robin hits you with a +0 mace.
The goblin hits you with a +0 dagger.
* * * LOW HITPOINT WARNING * * *
The goblin hits you with a +0 dagger.
* * * LOW HITPOINT WARNING * * *
You hit Robin. You burn Robin. Your bite misses Robin.
Robin is almost dead.
The goblin closely misses you. Robin hits you but does no damage.
The goblin closely misses you. The goblin hits you with a +0 dagger.
* * * LOW HITPOINT WARNING * * *
You hit Robin but do no damage. You bite Robin, but do no damage.
Robin is almost dead.
The goblin completely misses you.
You hit Robin. You burn Robin.
You kill Robin!
The goblin hits you with a +0 dagger.
* * * LOW HITPOINT WARNING * * *
The goblin hits you with a +0 dagger.
* * * LOW HITPOINT WARNING * * *
The goblin hits you with a +0 club.
You die...

...........## #....#####..#
.......##.###########..#.# ##....
..........#........##..#.###..###
........#..........##..#.##..##
........#.#.................##
........#.#.............##.######
........#.#...........#..........
........#.#....).g...#####.######
#.....#........#@##.## #.#
#######..##..#.gg#...# #.#
#....#............# #.#####
#.................#####.....#
##........##.##.......######.#
#.....#.####.########.# #.#
##..#..#.# #.รท# #.# #.#
##........# ##.# #)# #.#
.......#### #.# #.### #.#


You could see 3 goblins.

Vanquished Creatures
  Robin (D:2)
  3 adders (D:2)
  4 dart slugs (D:1)
  5 endoplasms
  3 giant cockroaches
  5 goblins
  8 hobgoblins
  4 jackals (D:2)
  4 quokkas (D:1)
  6 ball pythons
  9 bats
  4 frilled lizards
  4 kobolds
  4 rats
64 creatures vanquished.

Notes
Turn   | Place    | Note
-------+----------+-------------------------------------------
     0 | D:1      | jimonade the Vine Stalker Brigand began the quest for the
                  | Orb.
     0 | D:1      | Reached XP level 1. HP: 11/11 MP: 2/2
    25 | D:1      | Reached skill level 5 in Stealth
    96 | D:1      | Reached XP level 2. HP: 15/15 MP: 3/3
   299 | D:1      | Reached XP level 3. HP: 14/18 MP: 2/4
   425 | D:1      | Reached skill level 6 in Stealth
   828 | D:2      | Gained mutation: Your natural rate of healing is unusually
                  | fast. [Vine Stalker growth]
   828 | D:2      | Reached XP level 4. HP: 23/23 MP: 5/5
  1270 | D:3      | Noticed Robin
  1541 | D:2      | Killed Robin
  1541 | D:2      | HP: 1/23 [goblin/+0 dagger[Robin] (3)]
  1541 | D:2      | Slain by a goblin

Illustrated notes

Levels and vault maps discovered:
D:1:      eino_arrival_water_cross, layout_rooms, serial_bayou_lagoon_a,
          minmay_domino_4
D:2:      layout_rooms
D:3:      layout_rooms, basic_ecumenical_altar, nicolae_eternal_life,
          st_stairs_5, minivault_5, wander_ebering_terrifying_dragon_lair,
          uniq_robin

Skill      XL: |  1  2  3  4 |
---------------+-------------+-----
Stealth        | 5 6 |  6.7
Short Blades   | 2 3 |  3.0
Fighting       | |  1.7
Throwing       | |  1.7
Dodging        | |  0.7

Action                     |  1- 3 |  4- 6 || total
---------------------------+-------+-------++-------
  Melee: Dagger            |    84 |    75 ||   159
         Bite              |    16 |    14 ||    30
         Punch             |     2 |     1 ||     3
   Stab: Sleeping          |    11 |     2 ||    13
 Armour: Robe              |    16 |    35 ||    51
  Dodge: Dodged            |    38 |    54 ||    92

Table legend: (Time is in decaauts)
 A = Elapsed time spent in this place.
 B = Non-inter-level travel time spent in this place.
 C = Inter-level travel time spent in this place.
 D = Time resting spent in this place.
 E = Time spent auto-exploring this place.
 F = Levels seen in this place.
 G = Mean time per level.
                   A        B        C        D        E       F      G
               +--------+--------+--------+--------+--------+-----+--------+
         Total |   1526 |   1454 |     72 |    239 |    771 |   3 |  508.7 |
       Dungeon |   1526 |   1454 |     72 |    239 |    771 |   3 |  508.7 |
               +--------+--------+--------+--------+--------+-----+--------+

Top non-repeatable levels by time:
     D:2: 816 daAuts
     D:1: 664 daAuts
     D:3: 45 daAuts
